 Dungeon Crawl Stone Soup version 0.23-a0-33-g1e3a2e4e2f (webtiles) character file.

66588 grizzledgrizzly the Executioner (level 15, -2/107 HPs)
             Began as a Hill Orc Fighter on Aug 5, 2018.
             Was the Champion of Okawaru.
             Killed by divine providence
             ... invoked by a meliai
              (12 damage)
             ... on level 13 of the Dungeon.
             The game lasted 01:17:49 (22749 turns).

grizzledgrizzly the Executioner (Hill Orc Fighter) Turns: 22749, Time: 01:17:51

Health: -2/107     AC: 15    Str: 33    XL:     15   Next: 20%
Magic:  0/25       EV:  7    Int: 18    God:    Okawaru [******]
Gold:   1180       SH:  0    Dex: 12    Spells: 14/14 levels left

rFire    + . .     SeeInvis .   y - +8 mithril axe "Arga" {speed, MR+}
rCold    + . .     Gourm    .   (no shield)
rNeg     . . .     Faith    +   v - +0 plate armour
rPois    +         Spirit   +   R - +0 hat of the Vanishing Princes {rElec Str+4}
rElec    +         Reflect  .   S - scarf {Spirit}
rCorr    .         Harm     .   L - +2 pair of gloves {Str+3}
MR       +++..                  K - +0 pair of boots of Toast {rC+ MR+ Int+6}
Stlth    ..........             C - amulet of faith
HPRegen  0.27/turn              k - ring of poison resistance
MPRegen  0.19/turn              Z - ring "Hel Vaon" {rF+ Int+4 Dex+2 Slay+2}

@: about to teleport
A: no striking features
a: Heroism, Finesse, Renounce Religion


You were on level 13 of the Dungeon.
You worshipped Okawaru.
Okawaru was exalted by your worship.
You were not hungry.

You visited 4 branches of the dungeon, and saw 20 of its levels.
You also visited: Labyrinth and Sewer.

You collected 1538 gold pieces.
You spent 358 gold pieces at shops.

Inventory:

Hand Weapons
 a - a +1 executioner's axe of freezing
 y - the +8 mithril axe "Arga" (weapon) {speed, MR+}
   (Okawaru gifted it to you on level 11 of the Dungeon)

   Attacks with this weapon are significantly faster.
   It affects your resistance to hostile enchantments.
 Q - a +2 longbow of flaming
Armour
 c - a +0 shield
 u - a +0 hat of see invisible
 v - a +0 plate armour (worn)
 K - the +0 pair of boots of Toast (worn) {rC+ MR+ Int+6}
   (You found it on level 2 of the Lair of Beasts)

   It affects your intelligence (+6).
   It protects you from cold.
   It affects your resistance to hostile enchantments.
 L - a +2 pair of gloves of strength (worn)
 R - the +0 hat of the Vanishing Princes (worn) {rElec Str+4}
   (Okawaru gifted it to you on level 2 of the Lair of Beasts)

   It affects your strength (+4).
   It insulates you from electricity.
 S - a scarf of spirit shield (worn)
Jewellery
 h - a +3 amulet of reflection
 k - a ring of poison resistance (left hand)
 n - an uncursed ring of resist corrosion
 C - an amulet of faith (around neck)
 Y - the ring "Plog" {Fire *Corrode rElec Str+6 Stlth-}
   (You found it in a labyrinth)

   [ring of fire]

   It enhances your fire magic.
   It affects your strength (+6).
   It protects you from fire.
   It makes you vulnerable to cold.
   It insulates you from electricity.
   It may corrode you when you take damage.
   It makes you less stealthy.
 Z - the ring "Hel Vaon" (right hand) {rF+ Int+4 Dex+2 Slay+2}
   (You found it in a labyrinth)

   [ring of intelligence]

   It affects your intelligence (+4).
   It affects your dexterity (+2).
   It affects your accuracy and damage with ranged weapons and melee attacks
   (+2).
   It protects you from fire.
Wands
 m - a wand of acid (20)
 t - a wand of iceblast (13)
 B - a wand of disintegration (21)
 E - a wand of polymorph (8)
 G - a wand of clouds (3)
 P - a wand of digging (15)
 W - a wand of flame (38)
 X - a wand of paralysis (12)
Scrolls
 b - a scroll of teleportation
 g - 2 scrolls of vulnerability {unknown}
 i - 7 scrolls of remove curse
 o - 5 scrolls of magic mapping
 p - 4 scrolls of summoning {unknown}
 s - 2 scrolls of fog
 F - 4 scrolls of fear {unknown}
 H - a scroll of noise {unknown}
 I - 4 scrolls of blinking
 J - 2 scrolls of amnesia
 M - 2 scrolls of immolation {unknown}
 T - a scroll of holy word {unknown}
Potions
 d - 4 potions of might
 e - 5 potions of haste
 j - 6 potions of lignification
 l - a potion of magic
 r - 4 potions of flight
 w - 8 potions of curing
 x - 2 potions of agility
 z - a potion of ambrosia
 A - a potion of invisibility
 D - 4 potions of brilliance
 N - a potion of berserk rage
 O - a potion of mutation
 U - 2 potions of resistance
 V - 3 potions of cancellation
Comestibles
 f - 23 rations


   Skills:
 - Level 3.6 Fighting
 + Level 26.4 Axes
 - Level 3.2 Armour
 - Level 4.1 Shields
 - Level 14.5 Invocations


You had 14 spell levels left.
You didn't know any spells.
Your spell library contained the following spells:

 Spells                   Type           Power        Failure   Level  Hunger
 Cause Fear               Hex            #.........   100%        4    #####..
 Fireball                 Conj/Fire      #.........   100%        5    ######.
 Conjure Flame            Conj/Fire      #.......     99%         3    ####...
 Bolt of Fire             Conj/Fire      #.........   100%        6    #######
 Lightning Bolt           Conj/Air       #.........   100%        5    ######.
 Confuse                  Hex            #.......     99%         3    ####...
 Throw Flame              Conj/Fire      #.....       96%         2    ###....
 Throw Frost              Conj/Ice       #.....       96%         2    ###....
 Teleport Other           Tloc           #.......     99%         3    ####...
 Blink                    Tloc           N/A          96%         2    ###....
 Animate Skeleton         Necr           N/A          88%         1    ##.....
 Sticky Flame             Conj/Fire      #.......     100%        4    #####..
 Tukima's Dance           Hex            #.......     99%         3    ####...
 Stone Arrow              Conj/Erth      #.....       99%         3    ####...
 Shock                    Conj/Air       #...         88%         1    ##.....
 Swiftness                Chrm/Air       #.......     96%         2    ###....
 Statue Form              Tmut/Erth      #........    100%        6    #######
 Dragon Form              Tmut           #.........   100%        7    #######
 Deflect Missiles         Chrm/Air       #.........   100%        6    #######
 Throw Icicle             Conj/Ice       #.......     100%        4    #####..
 Airstrike                Air            #.........   100%        4    #####..
 Flame Tongue             Conj/Fire      #....        88%         1    ##.....
 Ignite Poison            Fire/Tmut/Pois #.......     99%         3    ####...
 Ensorcelled Hibernation  Hex/Ice        #.....       96%         2    ###....
 Silence                  Hex/Air        #.........   100%        5    ######.
 Static Discharge         Conj/Air       #.......     99%         3    ####...
 Corona                   Hex            #......      88%         1    ##.....
 Conjure Ball Lightning   Conj/Air       #.........   100%        6    #######
 Petrify                  Tmut/Erth      #.......     100%        4    #####..
 Passage of Golubria      Tloc           N/A          100%        4    #####..
 Tornado                  Air            #.........   100%        9    #######
 Shroud of Golubria       Chrm/Tloc      #.........   96%         2    ###....
 Inner Flame              Hex/Fire       #.......     99%         3    ####...
 Fulminant Prism          Conj/Hex       #.........   100%        4    #####..
 Dazzling Spray           Conj/Hex       #.....       99%         3    ####...
 Summon Lightning Spire   Summ/Air       #.......     100%        4    #####..
 Dragon's Call            Summ           #.........   100%        9    #######
 Gell's Gravitas          Tloc           #.........   99%         3    ####...
 Lesser Beckoning         Tloc           #.........   99%         3    ####...


Dungeon Overview and Level Annotations

Branches:
Dungeon (13/15)            Temple (1/1) D:6            Lair (6/6) D:9
 Shoals (1/4) Lair:2       Spider (0/4) Lair:4        Slime (0/5) Lair:6
    Orc (0/2) D:11
 Vaults: D:13-14

Altars:
Ashenzari
Cheibriados
Dithmenos
Elyvilon
Fedhas
Gozag
Hepliaklqana
Kikubaaqudgha
Makhleb
Nemelex Xobeh
Okawaru
Qazlal
Ru
Sif Muna
Trog
Uskayaw
Vehumet
Xom
Yredelemnul
Zin
The Shining One

Shops:
D:6 *   D:7 ?   D:9 }   D:10 *


Message History

The meliai stings you but does no damage.
You feel much better. The meliai hits you but does no damage.
The meliai stings you but does no damage.
The meliai completely misses you.
The meliai stings you but does no damage.
You barely miss the meliai. You hit the meliai.
The meliai is moderately wounded.
The meliai hits you but does no damage. The meliai stings you.
The meliai mumbles some strange prayers to its god against you.
Something smites you!
* * * LOW HITPOINT WARNING * * *
You closely miss the meliai.
The meliai is moderately wounded.
The meliai mumbles some strange prayers to its god against you.
Something smites you!
* * * LOW HITPOINT WARNING * * *
The meliai mumbles some strange prayers to its god against you.
Something smites you!
You die... ... .. .. .# ##.# #yy

#y# #@#
#.. #.#
#######.##
##.#
#........#
#..#
#........#
#)##
#........#
#.#
.........#
#.#
#........#
#.#
#........#
#.#


You could see 3 meliai.

Vanquished Creatures
  Azrael (D:12)
  A minotaur (Lab)
  The ghost of WhatIsLove the Protected, a journeyman VSFi of Uskayaw (Lair:6)
  Josephine (Lair:5)
  A catoblepas (Lair:3)
  8 hydras
  A centaur warrior (D:13)
  2 two-headed ogres
  9 death yaks
  Sonja (D:12)
  A sea snake (Shoals:1)
  3 unseen horrors
  An ugly thing (D:12)
  2 cyclopes
  15 elephants
  Maurice (D:8)
  4 black mambas
  A centaur skeleton (D:13)
  A centaur zombie (D:12)
  26 spiny frogs
  Psyche (D:10)
  2 rime drakes
  8 komodo dragons
  6 polar bears
  2 merfolk (Lair:2)
  18 blink frogs
  Prince Ribbit (D:8)
  4 tyrant leeches (Lair:6)
  A hornet (D:10)
  9 hippogriffs
  6 slime creatures
  A shadow (Lab)
  Sigmund (D:3)
  3 redbacks (Lab)
  A spriggan (D:9)
  5 wyverns
  21 yaks
  6 wraiths
  2 fire elementals (D:12)
  6 basilisks
  6 hungry ghosts
  6 vampire mosquitoes (Lair:6)
  5 wargs
  Menkaure (D:6)
  Grum (D:9)
  12 water moccasins
  8 porcupines
  2 hell hounds (D:12)
  Purgy (Sewer)
  4 orc warriors
  A phantom (D:9)
  2 necrophages
  2 sky beasts
  An eye of draining (D:10)
  4 boggarts (Lair:6)
  14 wolves
  3 ogres
  6 centaurs
  13 crocodiles
  6 big kobolds
  23 bullfrogs
  A wyvern zombie (D:13)
  A gnoll sergeant (D:9)
  A wyvern skeleton (D:10)
  2 scorpions
  2 howler monkeys
  An electric eel (Lair:6)
  6 jellies
  4 crimson imps
  2 quasits
  A hound (D:10)
  8 orc wizards
  7 orc priests
  5 iguanas
  Natasha (D:2)
  7 worker ants
  4 hound skeletons
  A howler monkey zombie (D:6)
  Robin (D:3)
  4 gnolls (D:9)
  7 adders
  2 shadow imps
  2 oozes (Lair:6)
  An adder skeleton (D:7)
  2 worms (D:2)
  A dart slug (D:3)
  3 leopard geckos
  33 orcs
  6 ball pythons
  5 bats
  4 giant cockroaches
  14 goblins
  11 hobgoblins
  4 jackals (D:7)
  5 quokkas
  9 frilled lizards
  38 kobolds
  A quokka zombie (D:7)
  10 rats
  A bush (Lair:1)
  17 fungi
  9 plants
  A withered plant (Lair:6)
551 creatures vanquished.

Vanquished Creatures (others)
  A water moccasin (Lair:6)
  11 fungi
  33 plants
45 creatures vanquished.

Grand Total: 596 creatures vanquished

Notes
Turn   | Place    | Note
-------+----------+-------------------------------------------
     0 | D:1      | grizzledgrizzly the Hill Orc Fighter began the quest for the Orb.
     0 | D:1      | Reached XP level 1. HP: 19/19 MP: 1/1
    80 | D:1      | Reached skill level 3 in Axes
   241 | D:1      | Reached XP level 2. HP: 19/26 MP: 2/2
   310 | D:1      | Reached skill level 4 in Axes
   653 | D:2      | Found a sparkling altar of Nemelex Xobeh.
   720 | D:2      | Reached XP level 3. HP: 31/31 MP: 3/3
   805 | D:2      | Reached skill level 5 in Axes
   836 | D:2      | Noticed Natasha
   842 | D:2      | Killed Natasha
   842 | D:2      | Reached XP level 4. HP: 13/39 MP: 4/4
  1122 | D:2      | Reached skill level 6 in Axes
  1251 | D:2      | Found an ancient bone altar of Kikubaaqudgha.
  1261 | D:2      | Found a deep blue altar of Sif Muna.
  1262 | D:2      | Found a radiant altar of Vehumet.
  1266 | D:2      | Identified Kikubaaqudgha's Volume of Black Arts
  1401 | D:2      | Found an iron altar of Okawaru.
  1751 | D:2      | Became a worshipper of Warmaster Okawaru
  1804 | D:3      | Reached XP level 5. HP: 45/45 MP: 5/5
  1850 | D:3      | Noticed Robin
  1865 | D:3      | Killed Robin
  1865 | D:3      | Reached skill level 7 in Axes
  1934 | D:3      | Found a glowing drain.
  1943 | Sewer    | Entered a sewer
  1982 | Sewer    | Noticed Purgy
  2001 | Sewer    | Killed Purgy
  2001 | Sewer    | Reached skill level 8 in Axes
  2001 | Sewer    | Reached XP level 6. HP: 29/51 MP: 6/6
  2583 | D:3      | Noticed Sigmund
  2605 | D:3      | Killed Sigmund
  2605 | D:3      | Reached * piety under Okawaru
  2605 | D:3      | Reached skill level 9 in Axes
  2672 | D:3      | Found a shattered altar of Ashenzari.
  2767 | D:3      | Reached XP level 7. HP: 53/57 MP: 7/7
  2883 | D:3      | Found a glowing golden altar of the Shining One.
  3061 | D:4      | Reached skill level 10 in Axes
  3206 | D:4      | You fall through a shaft for 2 floors!
  3328 | D:6      | Reached ** piety under Okawaru
  3369 | D:6      | Reached skill level 11 in Axes
  3496 | D:6      | Noticed Menkaure
  3502 | D:6      | Killed Menkaure
  3502 | D:6      | Reached XP level 8. HP: 43/64 MP: 5/8
  3687 | D:6      | Found a burning altar of Makhleb.
  3687 | D:6      | Found a glowing silver altar of Zin.
  3688 | D:6      | Noticed an angel
  3688 | D:6      | Noticed a balrug
  4019 | D:6      | Found Ciobryiph's Assorted Antiques.
  4027 | D:6      | Bought an inky potion for 22 gold pieces
  4027 | D:6      | Bought a lumpy white potion for 22 gold pieces
  4027 | D:6      | Bought a viscous black potion for 22 gold pieces
  4078 | D:6      | Found a staircase to the Ecumenical Temple.
  4099 | Temple   | Entered the Ecumenical Temple
  4198 | D:6      | Found a burning altar of Makhleb.
  4234 | D:6      | Reached skill level 12 in Axes
  4538 | D:7      | Noticed a wraith
  4548 | D:7      | Killed a wraith
  4548 | D:7      | Reached skill level 13 in Axes
  4712 | D:7      | Found Jetopuq's Magic Scroll Boutique.
  4744 | D:7      | Reached *** piety under Okawaru
  4755 | D:7      | Reached skill level 14 in Axes
  4755 | D:7      | Reached XP level 9. HP: 9/70 MP: 9/9
  5054 | D:7      | Bought a scroll of enchant weapon for 105 gold pieces
  5613 | D:7      | Reached skill level 15 in Axes
  5844 | D:8      | Found a sacrificial altar of Ru.
  6030 | D:8      | Noticed Prince Ribbit
  6100 | D:8      | Killed Prince Ribbit
  6100 | D:8      | Reached **** piety under Okawaru
  6109 | D:8      | Noticed Maurice
  6128 | D:8      | Killed Maurice
  6128 | D:8      | Received a gift from Okawaru
  6128 | D:8      | Reached skill level 16 in Axes
  6511 | D:8      | Found a stormy altar of Qazlal.
  6614 | D:9      | Found Zuxa Fufep's Gadget Emporium.
  6630 | D:9      | Reached XP level 10. HP: 71/77 MP: 10/10
  6696 | D:9      | Noticed a two-headed ogre
  6703 | D:9      | Killed a two-headed ogre
  6703 | D:9      | Reached skill level 17 in Axes
  6808 | D:9      | Found a staircase to the Lair.
  6819 | D:9      | Reached ***** piety under Okawaru
  6832 | D:9      | Reached skill level 18 in Axes
  6853 | D:9      | HP: 2/77 [orc priest/divine providence (14)]
  7325 | D:9      | Got an iridescent quarterstaff {flame}
  7474 | D:9      | Received a gift from Okawaru
  7800 | D:9      | You fall through a shaft for 2 floors!
  7804 | D:10     | Entered Level 10 of the Dungeon
  7846 | D:10     | Found Asiskih's Assorted Antiques.
  7854 | D:10     | Bought a scroll labeled FEFA HYC DOH for 27 gold pieces
  7854 | D:10     | Bought a scroll labeled LIYFEOLEO for 27 gold pieces
  7866 | D:10     | You fall through a shaft!
  7922 | D:11     | Noticed an eight-headed hydra
  7929 | D:11     | Noticed a cyclops
  7955 | D:10     | Reached skill level 19 in Axes
  8319 | D:9      | Reached XP level 11. HP: 63/82 MP: 11/11
  8390 | D:9      | Noticed Grum
  8400 | D:9      | Killed Grum
  8605 | D:7      | Bought a scroll of enchant armour for 105 gold pieces
  8605 | D:7      | Bought a scroll of identify for 28 gold pieces
  8606 | D:7      | Identified the +8 quarterstaff of the Turnip {flame, rElec rPois rC+ Str+2 Int+4} (You took it off an orc warrior on level 9 of the Dungeon)
  8936 | D:10     | Noticed Psyche
  8943 | D:10     | Killed Psyche
  9317 | Lair:1   | Entered Level 1 of the Lair of Beasts
  9328 | Lair:1   | Reached skill level 20 in Axes
  9975 | Lair:1   | Noticed an eight-headed hydra
 10480 | Lair:2   | Got a pair of translucent boots
 10486 | Lair:2   | Identified the cursed +0 pair of boots of Toast {rC+ MR+ Int+6} (You found it on level 2 of the Lair of Beasts)
 10543 | Lair:2   | Found a staircase to the Shoals.
 10868 | Lair:2   | Reached skill level 5 in Invocations
 10901 | Lair:2   | Received a gift from Okawaru
 10904 | Lair:2   | Got a twisted hat {god gift}
 10910 | Lair:2   | Identified the +0 hat of the Vanishing Princes {rElec Str+4} (Okawaru gifted it to you on level 2 of the Lair of Beasts)
 11547 | Lair:3   | Reached XP level 12. HP: 42/90 MP: 11/18
 12239 | Lair:3   | Reached skill level 10 in Invocations
 12483 | Lair:3   | Noticed a catoblepas
 12485 | Lair:3   | Noticed a six-headed hydra
 12500 | Lair:3   | Killed a catoblepas
 12508 | Lair:3   | Killed an 11-headed hydra
 12956 | Lair:1   | Killed a 19-headed hydra
 13475 | Lair:4   | Found a labyrinth entrance.
 13489 | Lab      | Entered a labyrinth
 14469 | Lab      | Received a gift from Okawaru
 14737 | Lab      | Noticed a minotaur
 14754 | Lab      | Killed a minotaur
 14755 | Lab      | Identified the Disquisition on Clay and Transmigration
 14755 | Lab      | Identified the Compendium of Combat Magic
 14756 | Lab      | Got a faintly glowing copper ring
 14756 | Lab      | Got a scintillating tin ring
 14757 | Lab      | Identified the ring "Plog" {Fire *Corrode rElec Str+6 Stlth-} (You found it in a labyrinth)
 14758 | Lab      | Identified the ring "Hel Vaon" {rF+ Int+4 Dex+2 Slay+2} (You found it in a labyrinth)
 14759 | Lab      | Got a polished morningstar
 14830 | Lair:4   | Received a gift from Okawaru
 14836 | Lair:4   | Identified the cursed +1 morningstar "Eduukhi" {flame, Dex+2} (You found it in a labyrinth)
 14941 | Lair:4   | Reached XP level 13. HP: 45/95 MP: 23/23
 15039 | Lair:4   | Reached skill level 21 in Axes
 15050 | Lair:4   | Found a hole to the Spider Nest.
 15427 | Lair:5   | Received a gift from Okawaru
 15850 | Lair:5   | Reached skill level 22 in Axes
 15857 | Lair:5   | Noticed Josephine
 16294 | Lair:5   | Killed Josephine
 16844 | Lair:5   | Reached skill level 23 in Axes
 16847 | Lair:5   | Reached ****** piety under Okawaru
 17162 | Lair:6   | Entered Level 6 of the Lair of Beasts
 17205 | Lair:6   | Received a gift from Okawaru
 17210 | Lair:6   | Reached XP level 14. HP: 44/102 MP: 18/24
 17564 | Lair:6   | Reached skill level 24 in Axes
 18048 | Lair:6   | Received a gift from Okawaru
 18401 | Lair:6   | Found a runed door.
 18401 | Lair:6   | Noticed WhatIsLove's ghost (journeyman VSFi)
 18411 | Lair:6   | Killed WhatIsLove's ghost
 18605 | Lair:6   | Reached skill level 25 in Axes
 18940 | Lair:6   | Found a staircase to the Slime Pits.
 19856 | Shoals:1 | Entered Level 1 of the Shoals
 20855 | D:11     | Received a gift from Okawaru
 20856 | D:11     | Found the +8 mithril axe "Arga" {speed, MR+}
 21328 | D:11     | Found a staircase to the Orcish Mines.
 21502 | D:12     | Noticed Azrael
 21520 | D:12     | Killed Azrael
 21520 | D:12     | Reached XP level 15. HP: 20/107 MP: 7/25
 21982 | D:12     | Reached skill level 26 in Axes
 22076 | D:12     | Noticed Sonja
 22080 | D:12     | Killed Sonja
 22613 | D:13     | Received a gift from Okawaru
 22749 | D:13     | Killed from afar by a meliai

Vault maps used:
D:1:      minmay_arrival_solitary_statue, minmay_fountain_box, st_stairs_11
D:2:      grunt_temple_overflow_magic_moments, nicolae_overflow_crystal_walls,
          okawaru_altar_gauntlet_db, serial_park_tiny_pond, uniq_natasha
D:3:      lemuel_coloured_pillars_altar, nicolae_tso_swordbearing_angel,
          portal_sewer_entry_d, minmay_joined_circles, uniq_robin, uniq_sigmund
D:4:      nicolae_overflow_hidden_temple, first_ration
D:6:      grunt_temple_overflow_order_and_chaos_2,
          minmay_temple_entry_junction_2, serial_shops, shop,
          makhleb_blood_cavern_becter, uniq_menkaure
D:7:      serial_shops, shop
D:8:      nicolae_ru_path_of_blood, kennysheep_mini, uniq_maurice,
          uniq_prince_ribbit1
D:9:      erik_lair_orcish_takeover, serial_shops, shop_statue, grunt_pizzeria,
          kennysheep_generic_room_4, uniq_grum
D:10:     serial_shops, shop, uniq_psyche
D:11:     david_orc_1_choice
D:12:     uniq_azrael, uniq_sonja
D:13:     lightli_vaults_fourway_checkpoint
Temple:   eino_wide_crystal_templ
Lair:2:   elwin_shoals_entry_rooms
Lair:3:   guppyfry_lair_drakes
Lair:4:   dummy_spider_entry, lab_entry_generic
Lair:5:   cheibrodos_lair_lostbears, infiniplex_staircase_pool_2,
          grunt_megastairs_2, uniq_josephine
Lair:6:   minmay_lair_end_frog_pond, nicolae_slime_entry_slimehenge,
          gammafunk_ghost_grave, kilobyte_rumbling_trees, lemuel_fruit_tree,
          lemuel_fruit_fields
Lab:      nicolae_lab_blocks, nicolae_lab_grate_2, nicolae_lab_statue,
          nicolae_lab_flowing_pool, labyrinth_skeletal_remains
Sewer:    sewer_co_purgy_island

Skill      XL: |  1  2  3  4  5  6  7  8  9 10 11 12 13 14 15 |
---------------+----------------------------------------------+-----
Axes           | 3 4 5 6 8 9 11 14 16 19 20 23 25 26 | 26.4
Shields        | 4 |  4.1
Invocations    | 8 14 | 14.5
Fighting       | |  3.6
Armour         | |  3.2

Action                   |  1- 3 |  4- 6 |  7- 9 | 10-12 | 13-15 || total
-------------------------+-------+-------+-------+-------+-------++-------
Melee: War axe           |    76 |   190 |   244 |   613 |    46 ||  1169
       Executioner's axe |       |       |       |       |   433 ||   433
       Broad axe         |       |       |       |       |   159 ||   159
Invok: Heroism           |       |       |     7 |    10 |     6 ||    23
       Finesse           |       |       |       |     4 |    11 ||    15
  Use: Scroll            |       |     1 |     8 |    16 |    13 ||    38
       Potion            |       |       |       |     5 |     3 ||     8
 Stab: Petrified         |       |       |       |     5 |       ||     5
  Eat: Chunk             |       |     4 |     8 |     6 |     5 ||    23
       Ration            |       |     1 |     1 |     8 |     7 ||    17
Armor: Scale mail        |    37 |    89 |    69 |   218 |   111 ||   524
       Plate armour      |       |       |       |       |    58 ||    58
Dodge: Dodged            |    21 |    60 |    41 |   202 |   170 ||   494
Block: Shield            |    46 |   105 |    70 |    99 |       ||   320
       Buckler           |       |       |       |    56 |     3 ||    59

Table legend:
 A = Spawn XP
 B = Non-spawn XP
 C = Spawn XP percentage of total XP
 D = Spawn monster count
 E = Non-spawn monster count
 F = Spawn count percentage of total count
 G = Total turns spent on level
                    A         B        C        D         E        F      G
               +---------+---------+-------+---------+---------+-------+---------
         Total |       0 |   95127 |   0.0 |       0 |     523 |   0.0 | 22749
               +---------+---------+-------+---------+---------+-------+---------
           D:1 |       0 |      23 |   0.0 |       0 |      15 |   0.0 |   601
           D:2 |       0 |     129 |   0.0 |       0 |      22 |   0.0 |  1187
           D:3 |       0 |     347 |   0.0 |       0 |      46 |   0.0 |   904
           D:4 |       0 |      84 |   0.0 |       0 |       2 |   0.0 |   231
           D:6 |       0 |     766 |   0.0 |       0 |      15 |   0.0 |  1166
           D:7 |       0 |    1643 |   0.0 |       0 |      31 |   0.0 |  1228
           D:8 |       0 |    1269 |   0.0 |       0 |      15 |   0.0 |  1026
           D:9 |       0 |    4892 |   0.0 |       0 |      65 |   0.0 |  1644
          D:10 |       0 |    1718 |   0.0 |       0 |      19 |   0.0 |   902
          D:11 |       0 |    5100 |   0.0 |       0 |      29 |   0.0 |  1010
          D:12 |       0 |    7492 |   0.0 |       0 |      22 |   0.0 |  1178
          D:13 |       0 |    4231 |   0.0 |       0 |      18 |   0.0 |   150
        Lair:1 |       0 |    4284 |   0.0 |       0 |      18 |   0.0 |  1622
        Lair:2 |       0 |    2676 |   0.0 |       0 |      16 |   0.0 |  1762
        Lair:3 |       0 |    5782 |   0.0 |       0 |      19 |   0.0 |  1405
        Lair:4 |       0 |    8765 |   0.0 |       0 |      29 |   0.0 |  1374
        Lair:5 |       0 |   16306 |   0.0 |       0 |      41 |   0.0 |  1111
        Lair:6 |       0 |   25759 |   0.0 |       0 |      83 |   0.0 |  2593
      Shoals:1 |       0 |     757 |   0.0 |       0 |       1 |   0.0 |    40
           Lab |       0 |    2959 |   0.0 |       0 |       9 |   0.0 |  1274
         Sewer |       0 |     145 |   0.0 |       0 |       8 |   0.0 |   283
               +---------+---------+-------+---------+---------+-------+---------
